 Dungeon Crawl Stone Soup version 0.20.0-1-g1cb1d84 (webtiles) character file.

6063 Gorglomux the Cleaver (level 10, -2/83 HPs)
             Began as a Minotaur Arcane Marksman on May 26, 2017.
             Was a Believer of Okawaru.
             Slain by a hell rat (11 damage)
             ... summoned by a deep elf mage
             ... on level 8 of the Dungeon.
             The game lasted 00:07:30 (6154 turns).

Gorglomux the Cleaver (Minotaur Arcane Marksman)    Turns: 6154, Time: 00:07:31

Health: -2/83      AC: 11    Str: 15    XL:     10   Next: 57%
Magic:  8/10       EV: 18    Int: 10    God:    Okawaru [**....]
Gold:   275        SH:  0    Dex: 12    Spells: 10/11 levels left

rFire    . . .     SeeInvis .   p - +1 halberd of Prescription {freeze, rPois rN++} (curse)
rCold    . . .     Gourm    .   (shield currently unavailable)
rNeg     + + .     Faith    .   J - +0 scale mail
rPois    +         Spirit   .   (helmet restricted)
rElec    .         Reflect  .   R - +0 cloak
rCorr    .         Harm     .   (no gloves)
MR       .....                  F - +0 pair of boots
Stlth    +.........             r - amulet of regeneration
Regen    0.7/turn               G - -2 ring of dexterity (curse)
MPRegen  0.2/turn               o - +3 ring of evasion

@: heroism, drained
A: retaliatory headbutt, horns 2
a: Heroism, Renounce Religion


You were on level 8 of the Dungeon.
You worshipped Okawaru.
Okawaru was pleased with you.
You were not hungry.

You visited 1 branch of the dungeon, and saw 8 of its levels.
You also visited: Sewer and Bailey.

You collected 518 gold pieces.
You spent 243 gold pieces at shops.

Inventory:

Hand Weapons
 p - the cursed +1 halberd of Prescription (weapon) {freeze, rPois rN++}
   (You bought it in a shop on level 7 of the Dungeon)

   It has been specially enchanted to freeze those struck by it, causing extra
   injury to most foes and up to half again as much damage against particularly
   susceptible opponents.
   It can also slow down cold-blooded creatures.
   It protects you from poison.
   It greatly protects you from negative energy.
   It has a curse placed upon it.
 y - a +1 whip of electrocution
 D - a +0 war axe
 E - a +0 hand axe
 O - a +0 dagger
Missiles
 n - 5 javelins (quivered)
 Z - 2 throwing nets
Armour
 a - a +0 robe
 F - a +0 pair of boots (worn)
 J - a +0 scale mail (worn)
 R - a +0 cloak (worn)
Jewellery
 c - an uncursed ring of protection from cold
 o - a +3 ring of evasion (right hand)
 r - an amulet of regeneration (around neck)
 G - a cursed -2 ring of dexterity (left hand)
 I - an uncursed amulet of the gourmand
Wands
 C - a wand of confusion (33/48)
Scrolls
 m - a scroll of enchant weapon {unknown}
 t - 2 scrolls of fog {unknown}
 u - 2 scrolls of blinking {unknown}
 v - a scroll of magic mapping {unknown}
 x - a scroll of silence {unknown}
 L - 4 scrolls of amnesia {unknown}
 M - 6 scrolls of teleportation {unknown}
 U - 7 scrolls of identify {unknown}
 V - 7 scrolls of remove curse {unknown}
 W - a scroll of fear {unknown}
 X - 3 scrolls of recharging {unknown}
Potions
 q - 3 potions of magic {unknown}
 s - a potion of lignification {unknown}
 w - 3 potions of brilliance {unknown}
 H - 2 potions of heal wounds {unknown}
 K - a potion of degeneration {unknown}
 P - 2 potions of flight {unknown}
 Q - 6 potions of curing
 S - a potion of mutation {unknown}
 T - 2 potions of agility {unknown}
 Y - 2 potions of might {unknown}
Books
 b - a book of Debilitation

   Spells                             Type                      Level
   a - Corona                         Hexes                        1
   b - Slow                           Hexes                        2
   c - Inner Flame                    Hexes/Fire                   3
   d - Portal Projectile              Hexes/Translocation          3
   e - Cause Fear                     Hexes                        4
   f - Leda's Liquefaction            Hexes/Earth                  4
Comestibles
 f - 8 bread rations
 z - a meat ration
 A - 2 royal jellies
 B - 12 chunks of flesh
 N - 10 fruits


   Skills:
 + Level 6.2(11.1) Fighting
 + Level 14.9(19.8) Axes
 - Level 2.0(6.9) Throwing
 + Level 5.8(10.7) Armour
 + Level 6.0(10.9) Dodging
 - Level 1.0(0.9) Spellcasting
 - Level 2.0(1.9) Hexes


You had 10 spell levels left.
You knew the following spells:

 Your Spells              Type           Power        Failure   Level  Hunger
a - Corona                Hex            #......      43%         1    ##.....


Dungeon Overview and Level Annotations

Branches:
Dungeon (8/15)             Temple (0/1) D:7
   Lair: D:8-11

Altars:
Cheibriados
Elyvilon
Kikubaaqudgha
Nemelex Xobeh
Okawaru
Qazlal
Uskayaw
Xom
Yredelemnul
The Shining One

Shops:
D:7 (

Annotations:
D:5 1 exclusion
D:7 exclusion: oklob plant


Innate Abilities, Weirdness & Mutations

You reflexively headbutt those who attack you in melee.
You have a pair of horns on your head.


Message History

* * * LOW HITPOINT WARNING * * *
You partially resist.
You feel drained.
* * * LOW HITPOINT WARNING * * *
The hell rat closely misses you.
Attack whom?
Press: ? - help, Dir - move target cursor, f/p - deep elf mage
Aim: a deep elf mage, wielding a rapier (moderately wounded)
You reach to attack!
Your scale mail prevents you from hitting the deep elf mage.
The deep elf mage is moderately wounded.
The hell rat barely misses you.
The soul eater hits you but does no damage.
The hell rat misses you.
Unknown command.
Attack whom?
Press: ? - help, Dir - move target cursor, f/p - deep elf mage
Aim: a deep elf mage, wielding a rapier (moderately wounded)
The hell rat is in the way.
You hit the hell rat but do no damage. The hell rat completely misses you.
The hell rat bites you!
You die...

######## ##<.....# ####
.......# ....# #.....# ....#
##.....##....# #..........).+
#....r.).....# #...r3@∩).).#
###########....rrr..###
)..............e......#
############.....##...+
#.....# ...#
#############...# ##...##
##...##+## ####
##.....###.....##.###..######
#.......#.......#............


You could see a soul eater, a deep elf mage and 5 hell rats.

Vanquished Creatures
  A two-headed ogre (D:8)
  Pikel (D:4)
  3 deep elf magi
  Grinder (D:5)
  A hippogriff (D:7)
  Edmund (D:6)
  2 black bears
  2 sky beasts (D:7)
  2 phantoms
  An orc warrior (D:8)
  A slave (D:4)
  A necrophage (D:7)
  4 ogres
  2 centaurs
  2 big kobolds (Sewer)
  Blork the orc (D:6)
  5 bullfrogs
  2 scorpions (D:4)
  3 crimson imps
  A quasit (D:7)
  3 jellies
  3 centaur zombies
  11 orc wizards
  Crazy Yiuf (D:5)
  6 hounds
  5 orc priests
  A centaur skeleton (D:7)
  An iguana (D:6)
  5 worker ants
  A hound zombie (D:4)
  3 hound skeletons
  A worker ant zombie (D:4)
  11 adders
  A river rat (Sewer)
  A shadow imp (D:6)
  4 oozes
  2 adder zombies
  2 adder skeletons
  2 worms (Sewer)
  2 dart slugs
  5 leopard geckos
  24 orcs
  5 giant cockroaches
  10 goblins
  8 hobgoblins
  5 jackals
  6 kobolds
  3 quokkas
  5 ball pythons
  10 bats
  4 frilled lizards
  A jackal skeleton (D:4)
  A quokka zombie (D:4)
  10 rats
200 creatures vanquished.

Vanquished Creatures (others)
  A ball python (D:4)
1 creature vanquished.

Grand Total: 201 creatures vanquished

Notes
Turn   | Place    | Note
-------+----------+-------------------------------------------
     0 | D:1      | Gorglomux the Minotaur Arcane Marksman began the quest for the Orb.
     0 | D:1      | Reached XP level 1. HP: 16/16 MP: 1/1
   134 | D:1      | Reached skill level 1 in Armour
   173 | D:1      | Reached XP level 2. HP: 24/24 MP: 2/2
   241 | D:1      | HP: 1/24 [goblin/club (4)]
   978 | D:2      | Reached XP level 3. HP: 21/29 MP: 3/3
  1144 | D:2      | Found a stormy altar of Qazlal.
  1267 | D:2      | Reached skill level 3 in Dodging
  1593 | D:3      | Found a basalt altar of Yredelemnul.
  1620 | D:3      | Reached XP level 4. HP: 14/37 MP: 4/4
  1810 | D:3      | Reached skill level 3 in Fighting
  1888 | D:3      | Found a white marble altar of Elyvilon.
  2040 | D:3      | Reached skill level 1 in Axes
  2236 | D:4      | Reached skill level 2 in Axes
  2326 | D:4      | Reached XP level 5. HP: 42/45 MP: 5/5
  2432 | D:4      | Reached skill level 3 in Axes
  2455 | D:4      | Reached skill level 4 in Axes
  2458 | D:4      | Reached skill level 5 in Axes
  2458 | D:4      | Reached XP level 6. HP: 19/51 MP: 6/6
  2639 | D:4      | Noticed a slave
  2640 | D:4      | Noticed a slave
  2641 | D:4      | Noticed Pikel
  2642 | D:4      | Noticed a slave
  2645 | D:4      | Noticed a slave
  2652 | D:4      | Killed a slave
  2658 | D:4      | Killed Pikel
  2658 | D:4      | Reached skill level 8 in Axes
  2658 | D:4      | Reached XP level 7. HP: 57/57 MP: 7/7
  2776 | D:4      | Reached skill level 9 in Axes
  3113 | D:5      | Entered Level 5 of the Dungeon
  3129 | D:5      | Reached XP level 8. HP: 10/63 MP: 8/8
  3334 | D:5      | Reached skill level 10 in Axes
  3448 | D:5      | Noticed Grinder
  3465 | D:5      | Killed Grinder
  3753 | D:5      | Reached skill level 11 in Axes
  3832 | D:5      | Found a runed door.
  3836 | D:5      | Noticed Crazy Yiuf
  3844 | D:5      | Killed Crazy Yiuf
  3977 | D:6      | Noticed Blork the orc
  3984 | D:6      | Killed Blork the orc
  3984 | D:6      | Reached skill level 12 in Axes
  4144 | D:6      | Reached XP level 9. HP: 69/70 MP: 9/9
  4234 | D:6      | Noticed Edmund
  4250 | D:6      | Killed Edmund
  4380 | D:6      | Reached skill level 13 in Axes
  4512 | D:6      | Found a glowing drain.
  4520 | Sewer    | Entered a sewer
  5175 | D:7      | Reached skill level 14 in Axes
  5320 | D:7      | Found Kydaich's Antique Weapon Boutique.
  5329 | D:7      | Bought a fine halberd for 243 gold pieces
  5329 | D:7      | Identified the cursed +1 halberd of Prescription {freeze, rPois rN++} (You bought it in a shop on level 7 of the Dungeon)
  5374 | D:7      | Reached skill level 3 in Armour
  5506 | D:7      | Found an iron altar of Okawaru.
  5506 | D:7      | Noticed an oklob plant
  5510 | D:7      | Became a worshipper of Warmaster Okawaru
  5560 | D:7      | Found a hide-covered altar of Uskayaw.
  5562 | D:7      | Found a sparkling altar of Nemelex Xobeh.
  5562 | D:7      | Found a snail-covered altar of Cheibriados.
  5562 | D:7      | Found a shimmering altar of Xom.
  5563 | D:7      | Found a glowing golden altar of the Shining One.
  5563 | D:7      | Found an ancient bone altar of Kikubaaqudgha.
  5670 | D:7      | Found a staircase to the Ecumenical Temple.
  5938 | D:8      | Reached XP level 10. HP: 80/80 MP: 10/10
  5967 | D:8      | Reached * piety under Okawaru
  6063 | D:8      | Noticed a two-headed ogre
  6075 | D:8      | Killed a two-headed ogre
  6090 | D:8      | Found a flagged portal.
  6101 | Bailey   | Entered a bailey
  6109 | Bailey   | Noticed a deep elf mage
  6115 | Bailey   | Killed a deep elf mage
  6124 | Bailey   | Noticed a deep elf mage
  6126 | Bailey   | Noticed a deep elf mage
  6126 | Bailey   | Killed a deep elf mage
  6126 | Bailey   | Reached ** piety under Okawaru
  6126 | Bailey   | Reached skill level 6 in Fighting
  6127 | Bailey   | Noticed a deep elf mage
  6127 | Bailey   | Noticed a deep elf mage
  6127 | Bailey   | Noticed a deep elf mage
  6127 | Bailey   | Noticed a deep elf mage
  6147 | D:8      | Noticed a soul eater
  6149 | D:8      | Killed a deep elf mage
  6149 | D:8      | Reached skill level 6 in Dodging
  6154 | D:8      | Slain by a hell rat

Skill      XL: |  1  2  3  4  5  6  7  8  9 10 |
---------------+-------------------------------+-----
Armour         | 1 2 4 5 |  5.8
Fighting       | 2 3 4 6 |  6.2
Dodging        | 3 4 6 |  6.0
Axes           | 2 5 8 9 12 14 | 14.9
Throwing       | |  2.0
Spellcasting   | |  1.0
Hexes          | |  2.0

Action                   |  1- 3 |  4- 6 |  7- 9 | 10-12 || total
-------------------------+-------+-------+-------+-------++-------
Melee: Unarmed           |    53 |       |       |       ||    53
       Headbutt          |    17 |    18 |    53 |     8 ||    96
       Dagger            |    78 |    21 |       |       ||    99
       War axe           |       |    71 |       |       ||    71
       Hand axe          |       |    15 |       |       ||    15
       Whip              |       |       |   357 |       ||   357
       Halberd           |       |       |    73 |    53 ||   126
Invok: Heroism           |       |       |       |     3 ||     3
Evoke: Wand              |       |     1 |       |       ||     1
  Use: Potion            |       |     2 |       |       ||     2
       Scroll            |       |       |     1 |       ||     1
 Stab: Sleeping          |     1 |       |       |       ||     1
       Confused          |       |     1 |       |       ||     1
  Eat: Chunk             |     2 |     4 |    11 |     1 ||    18
Armor: Robe              |    31 |    15 |       |       ||    46
       Scale mail        |       |    60 |   137 |    12 ||   209
Dodge: Dodged            |   100 |    97 |   143 |    25 ||   365
